 Dungeon Crawl Stone Soup version 0.27.1-34-g3ba077fa99 (webtiles) character file.

Game seed: 2553396948738660150

4 Atelerd the Digger (level 1, -12/11 HPs)
             Began as an Octopode Earth Elementalist on Jan 4, 2022.
             Mangled by a gnoll (14 damage)
             ... on level 1 of the Dungeon.
             The game lasted 00:00:22 (437 turns).

Atelerd the Digger (Octopode Earth Elementalist)     Turns: 437, Time: 00:00:22

Health: -12/11     AC:  1    Str:  7    XL:     1   Next: 70%
Magic:  3/3        EV: 13    Int: 17    God:
Gold:   11         SH:  0    Dex: 12    Spells: 3/4 levels left

rFire    . . .     SeeInvis .   (no weapon)
rCold    . . .     Faith    .   (no shield)
rNeg     . . .     Spirit   .   (helmet restricted)
rPois    .         Reflect  .   (no amulet)
rElec    .         Harm     .   (no ring)
rCorr    .         Rampage  .   (no ring)
Will     .....                  (no ring)
Stlth    +++.......             (no ring)
HPRegen  0.03/turn              (no ring)
MPRegen  0.08/turn              (no ring)
                                (no ring)
                                (no ring)

@: no status effects
A: almost no armour, amphibious, 8 rings, camouflage 1, gelatinous body 1,
(nimble swimmer 1), tentacles
a: no special abilities


You were on level 1 of the Dungeon.
You visited 1 branch of the dungeon, and saw 1 of its levels.

You collected 11 gold pieces.

Inventory:

Missiles
 b - 25 stones
Potions
 a - a potion of brilliance {unknown}


   Skills:
 - Level 2.0 Dodging
 - Level 2.6 Stealth
 + Level 2.1 Spellcasting
 + Level 1.2 Transmutations
 + Level 3.1 Earth Magic


You had 3 spell levels left.
You knew the following spells:

 Your Spells              Type           Power      Damage    Failure   Level
a - Sandblast             Erth           24%        2d8       5%          1

Your spell library contained the following spells:

 Spells                   Type           Power      Damage    Failure   Level
 Passwall                 Tmut/Erth      7%         N/A       12%         2
 Stone Arrow              Conj/Erth      14%        3d7       30%         3
 Petrify                  Tmut/Erth      9%         N/A       61%         4


Dungeon Overview and Level Annotations

Branches:
Dungeon (1/15)

Altars:


Innate Abilities, Weirdness & Mutations

You cannot wear most types of armour.
You are amphibious.
You can wear up to eight rings at the same time.
Your skin changes colour to match your surroundings (Stealth+).
Your rubbery body absorbs attacks. (AC +1, EV +1)
((You are camouflaged near water. (Stealth+)))
You have tentacles for arms and can constrict up to eight enemies at once.


Message History

You can't see any susceptible monsters within range! (Use Z to cast anyway.) Unknown command.
Casting: Sandblast (safe; 5% risk of failure)
Confirm with . or Enter, or press ? or * to list all spells.
You can't see any susceptible monsters within range! (Use Z to cast anyway.) Unknown command.
Key pressed, stopping explore.
You are too injured to fight recklessly!
Key pressed, stopping explore.
Key pressed, stopping explore.
No target in view!
HP restored.
a - an emerald potion No target in view!
Found 26 stones.
No target in view!
A gnoll comes into view. It is wielding a +0 flail.
A gnoll is nearby!
You see here 26 stones.
A gnoll is nearby!
A gnoll is nearby!
The gnoll shouts!
You hear a shout!
A gnoll is nearby!
You closely miss the gnoll. Your grab misses the gnoll.
The gnoll barely misses you.
A gnoll is nearby!
You closely miss the gnoll. You grab the gnoll. You constrict the gnoll.
A kobold comes into view. It is wielding a +0 whip.
The gnoll hits you with a +0 flail!
Ouch! That really hurt!
* * * LOW HITPOINT WARNING * * *
You are too injured to fight recklessly!
You are too injured to fight recklessly!
You are too injured to fight recklessly!
You are too injured to fight recklessly!
You release your grip on the gnoll.
You see here 26 stones.
The gnoll hits you with a +0 flail!
Ouch! That really hurt!
You die...

#.......................#.......
##......................#.......
##.......÷..............#..K....
#..................K....#.(.....
#..>....................#.......
#.......................+.......
#.......#...............#.......
#.......#.......g.......#.......
#.....†.#......@........#.......
#.......#...............####....
#.......#...........##### #....
#.......#...........# .....
#.......#...........# ......
#.......####...÷....######......
#.......# #..............#......
#......≈≈§≈≈§§........
#.....§≈....§§..##....


You could see a gnoll and a kobold.

Vanquished Creatures
  A ball python (D:1)
  A hobgoblin (D:1)
  A bat (D:1)
  2 rats (D:1)
5 creatures vanquished.

Notes
Turn   | Place    | Note
-------+----------+-------------------------------------------
     0 | D:1      | Atelerd the Octopode Earth Elementalist began the quest for
                  | the Orb.
     0 | D:1      | Reached XP level 1. HP: 11/11 MP: 3/3
   437 | D:1      | Mangled by a gnoll

Illustrated notes

Levels and vault maps discovered:
D:1:      ebering_hopf_link, layout_basic

Action                   || total
-------------------------++-------
Melee: Unarmed           ||     5
       Constrict         ||     1
       Tentacles         ||     1
 Cast: Sandblast         ||     5
Dodge: Dodged            ||     4
